| TOP OF THE 1ST |
|
Kennewick Bear Cubs batting - Pitching for Bend Bandits : LHP Mike Kinnunen
|
|
Pitching: LHP Mike Kinnunen
|
|
|
Batting: RHB Matthew Sferrazza
|
0-0: Ball 1-0: Called Strike 1-1: Swinging Strike 1-2: Ground out 6-3 (Groundball, 6, EV 91.3 MPH)
|
|
Batting: SHB Eriberto Them
|
0-0: Called Strike 0-1: Ball 1-1: Ball 2-1: Ball 3-1: Fly out, F9 (Flyball, 89XD, EV 101.9 MPH)
|
|
Batting: RHB Jonathan Black
|
0-0: Called Strike 0-1: Ball 1-1: Foul Ball, location: 2F 1-2: Fly out, F8 (Line Drive, 8LD, EV 91.3 MPH)
|
| Top of the 1st over - 0 runs, 0 hits, 0 errors, 0 left on base; Kennewick 0 - Bend 0 |
| BOTTOM OF THE 1ST |
|
Bend Bandits batting - Pitching for Kennewick Bear Cubs : LHP Faustino Fortinho
|
|
Pitching: LHP Faustino Fortinho
|
|
|
Batting: RHB Ronald Harper
|
0-0: Ball 1-0: Swinging Strike 1-1: Ball 2-1: Foul Ball, location: 2F 2-2: Strikes out swinging
|
|
Batting: RHB Kevin Romine
|
0-0: Ball 1-0: Ball 2-0: Ball 3-0: Base on Balls
|
|
Batting: LHB Darcy Walker
|
0-0: Ball 1-0: Called Strike 1-1: Foul Ball, location: 2F 1-2: 2-RUN HOME RUN (Flyball, 9LD, EV 93.1 MPH), Distance : 353 ft
|
|
Batting: RHB Jeff Doerr
|
0-0: Called Strike 0-1: Called Strike 0-2: Ball 1-2: Foul Ball, location: 2F 1-2: Fly out, F9 (Flyball, 9D, EV 103.8 MPH)
|
|
Batting: LHB Chris Baird
|
0-0: Called Strike 0-1: Ball 1-1: Foul Ball, location: 2F 1-2: Ball 2-2: Ground out 5-3 (Groundball, 56, EV 103.8 MPH)
|
| Bottom of the 1st over - 2 runs, 1 hit, 0 errors, 0 left on base; Kennewick 0 - Bend 2 |
| TOP OF THE 2ND |
|
Kennewick Bear Cubs batting - Pitching for Bend Bandits : LHP Mike Kinnunen
|
|
Batting: LHB Jose Birriel
|
0-0: Ground out 5-3 (Groundball, 56, EV 90.6 MPH)
|
|
Batting: RHB Ruben Machado
|
0-0: Ball 1-0: Ball 2-0: Called Strike 2-1: Ground out 4-3 (Groundball, 4S, EV 63.8 MPH)
|
|
Batting: LHB Steven Morris
|
0-0: Called Strike 0-1: Called Strike 0-2: Ground out U3 (Groundball, 3L, EV 90.0 MPH)
|
| Top of the 2nd over - 0 runs, 0 hits, 0 errors, 0 left on base; Kennewick 0 - Bend 2 |
| BOTTOM OF THE 2ND |
|
Bend Bandits batting - Pitching for Kennewick Bear Cubs : LHP Faustino Fortinho
|
|
Batting: RHB Jeffrey Thompson
|
0-0: Called Strike 0-1: Fly out, F6 (Flyball, 56D, EV 88.1 MPH)
|
|
Batting: LHB Jim Riggs
|
0-0: Ball 1-0: Called Strike 1-1: Foul Ball, location: 2F 1-2: Foul Ball, location: 2F 1-2: Ground out U3 (Groundball, 3, EV 83.1 MPH)
|
|
Batting: RHB Jeffrey Ulrich
|
0-0: Called Strike 0-1: Ball 1-1: Fly out, F7 (Flyball, 7, EV 86.3 MPH)
|
| Bottom of the 2nd over - 0 runs, 0 hits, 0 errors, 0 left on base; Kennewick 0 - Bend 2 |
| TOP OF THE 3RD |
|
Kennewick Bear Cubs batting - Pitching for Bend Bandits : LHP Mike Kinnunen
|
|
Batting: RHB Kenneth Whitfield
|
0-0: Ball 1-0: Foul Ball, location: 2F 1-1: Ball 2-1: Fly out, F8 (Flyball, 8RXD, EV 106.3 MPH)
|
|
Batting: LHB Tony Diaz
|
0-0: Ball 1-0: Fly out, F7 (Flyball, 7LM, EV 84.4 MPH)
|
|
Batting: RHB Gary Tremblay
|
0-0: Ball 1-0: Ground out 5-3 (Groundball, 56, EV 91.3 MPH)
|
| Top of the 3rd over - 0 runs, 0 hits, 0 errors, 0 left on base; Kennewick 0 - Bend 2 |
| BOTTOM OF THE 3RD |
|
Bend Bandits batting - Pitching for Kennewick Bear Cubs : LHP Faustino Fortinho
|
|
Batting: SHB Jim Thomas
|
0-0: Fly out, F9 (Flyball, 9, EV 85.0 MPH)
|
|
Batting: RHB Ronald Harper
|
0-0: Foul Ball, location: 2F 0-1: Foul Ball, location: 2F 0-2: Ball 1-2: Ball 2-2: Foul Ball, location: 2F 2-2: Foul Ball, location: 2F 2-2: Foul Ball, location: 2F 2-2: Ground out 5-3 (Groundball, 56, EV 101.3 MPH)
|
|
Batting: RHB Kevin Romine
|
0-0: Ball 1-0: Ball 2-0: Ball 3-0: Base on Balls
|
|
Batting: LHB Darcy Walker
|
0-0: Ball 1-0: Ball 2-0: Called Strike 2-1: SINGLE (Flyball, 56D, EV 99.4 MPH) Kevin Romine to second Runner from 2nd tries for 3rd, SAFE, no throw by LF
|
|
Batting: RHB Jeff Doerr
|
0-0: Swinging Strike 0-1: Ball 1-1: Ball 2-1: Fly out, F8 (Flyball, 89D, EV 91.9 MPH)
|
| Bottom of the 3rd over - 0 runs, 1 hit, 0 errors, 2 left on base; Kennewick 0 - Bend 2 |
| TOP OF THE 4TH |
|
Kennewick Bear Cubs batting - Pitching for Bend Bandits : LHP Mike Kinnunen
|
|
Batting: RHB Matthew Sferrazza
|
0-0: Called Strike 0-1: Foul Ball, location: 2F 0-2: Ball 1-2: Ball 2-2: Ball 3-2: Foul Ball, location: 2F 3-2: Foul Ball, location: 2F 3-2: Base on Balls
|
|
Batting: SHB Eriberto Them
|
0-0: Foul Ball, location: 2F 0-1: Ball 1-1: Foul Ball, location: 2F 1-2: Ball 2-2: Ball 3-2: Foul Ball, location: 2F 3-2: Foul Ball, location: 2F 3-2: Base on Balls Matthew Sferrazza to second
|
|
Batting: RHB Jonathan Black
|
0-0: Swinging Strike 0-1: Foul Ball, location: 2F 0-2: Grounds into double play, 6-4-3 (Groundball, 6, EV 101.9 MPH) Matthew Sferrazza to third
|
|
Batting: LHB Jose Birriel
|
0-0: Ball 1-0: Ball 2-0: SINGLE (Groundball, 34D, EV 98.1 MPH) Matthew Sferrazza scores
|
|
Batting: RHB Ruben Machado
|
0-0: Ball 1-0: Called Strike 1-1: Fly out, F9 (Flyball, 9LS, EV 88.8 MPH)
|
| Top of the 4th over - 1 run, 1 hit, 0 errors, 1 left on base; Kennewick 1 - Bend 2 |
| BOTTOM OF THE 4TH |
|
Bend Bandits batting - Pitching for Kennewick Bear Cubs : LHP Faustino Fortinho
|
|
Batting: LHB Chris Baird
|
0-0: Foul Ball, location: 2F 0-1: Swinging Strike 0-2: Ball 1-2: Strikes out swinging
|
|
Batting: RHB Jeffrey Thompson
|
0-0: Ball 1-0: Ball 2-0: Foul Ball, location: 2F 2-1: Ball 3-1: Fly out, F7 (Line Drive, 7, EV 101.3 MPH)
|
|
Batting: LHB Jim Riggs
|
0-0: Called Strike 0-1: Called Strike 0-2: Ball 1-2: Foul Ball, location: 2F 1-2: Ball 2-2: Foul Ball, location: 2F 2-2: Ball 3-2: Reached on error, E4 (Groundball, 4, EV 102.5 MPH)
|
|
Batting: RHB Jeffrey Ulrich
|
0-0: Ball 1-0: Called Strike 1-1: Swinging Strike 1-2: Ball 2-2: Ball 3-2: Strikes out swinging
|
| Bottom of the 4th over - 0 runs, 0 hits, 1 error, 1 left on base; Kennewick 1 - Bend 2 |
| TOP OF THE 5TH |
|
Kennewick Bear Cubs batting - Pitching for Bend Bandits : LHP Mike Kinnunen
|
|
Batting: LHB Steven Morris
|
0-0: Fly out, F9 (Flyball, 9LM, EV 103.1 MPH)
|
|
Batting: RHB Kenneth Whitfield
|
0-0: SINGLE (Groundball, 4MD, EV 106.3 MPH)
|
|
Batting: LHB Tony Diaz
|
0-0: Called Strike 0-1: Ground out 4-3 (Groundball, 4S, EV 70.6 MPH) Kenneth Whitfield to second
|
|
Batting: RHB Gary Tremblay
|
0-0: Ground out 6-3 (Groundball, 6, EV 97.5 MPH)
|
| Top of the 5th over - 0 runs, 1 hit, 0 errors, 1 left on base; Kennewick 1 - Bend 2 |
| BOTTOM OF THE 5TH |
|
Bend Bandits batting - Pitching for Kennewick Bear Cubs : LHP Faustino Fortinho
|
|
Batting: SHB Jim Thomas
|
0-0: Fly out, F9 (Flyball, 9, EV 94.4 MPH)
|
|
Batting: RHB Ronald Harper
|
0-0: Called Strike 0-1: Ball 1-1: Ball 2-1: Ball 3-1: Foul Ball, location: 2F 3-2: Strikes out swinging
|
|
Batting: RHB Kevin Romine
|
0-0: Ground out 5-3 (Groundball, 56S, EV 85.0 MPH)
|
| Bottom of the 5th over - 0 runs, 0 hits, 0 errors, 0 left on base; Kennewick 1 - Bend 2 |
| TOP OF THE 6TH |
|
Kennewick Bear Cubs batting - Pitching for Bend Bandits : LHP Mike Kinnunen
|
|
Batting: RHB Matthew Sferrazza
|
0-0: Called Strike 0-1: Foul Ball, location: 2F 0-2: Ball 1-2: Ball 2-2: Fly out, F8 (Flyball, 8RM, EV 89.4 MPH)
|
|
Batting: SHB Eriberto Them
|
0-0: Called Strike 0-1: SINGLE (Groundball, 34D, EV 105.0 MPH)
|
|
Batting: RHB Jonathan Black
|
0-0: Called Strike 0-1: Foul Ball, location: 2F 0-2: Foul Ball, location: 2F 0-2: Ground out 1-3 (Groundball, 34S, EV 68.1 MPH) Eriberto Them to second
|
|
Batting: LHB Jose Birriel
|
0-0: Ball 1-0: Fly out, F4 (Line Drive, 4, EV 69.4 MPH)
|
| Top of the 6th over - 0 runs, 1 hit, 0 errors, 1 left on base; Kennewick 1 - Bend 2 |
| BOTTOM OF THE 6TH |
|
Bend Bandits batting - Pitching for Kennewick Bear Cubs : LHP Faustino Fortinho
|
|
Batting: LHB Darcy Walker
|
0-0: Ball 1-0: Called Strike 1-1: Ball 2-1: Ground out 4-3 (Groundball, 4, EV 87.5 MPH)
|
|
Batting: RHB Jeff Doerr
|
0-0: Ball 1-0: Foul Ball, location: 2F 1-1: Foul Ball, location: 2F 1-2: Ball 2-2: Foul Ball, location: 2F 2-2: Foul Ball, location: 2F 2-2: SINGLE (Flyball, 6MD, EV 76.9 MPH)
|
|
Batting: LHB Chris Baird
|
0-0: Called Strike 0-1: Foul Ball, location: 2F 0-2: Ball 1-2: Foul Ball, location: 2F 1-2: Grounds into double play, 4-6-3 (Groundball, 4, EV 103.8 MPH)
|
| Bottom of the 6th over - 0 runs, 1 hit, 0 errors, 0 left on base; Kennewick 1 - Bend 2 |
| TOP OF THE 7TH |
|
Kennewick Bear Cubs batting - Pitching for Bend Bandits : LHP Mike Kinnunen
|
|
Batting: RHB Ruben Machado
|
0-0: Foul Ball, location: 2F 0-1: Ball 1-1: Fly out, F7 (Flyball, 78M, EV 74.4 MPH)
|
|
Batting: LHB Steven Morris
|
0-0: Called Strike 0-1: Ball 1-1: Foul Ball, location: 2F 1-2: Ball 2-2: Ball 3-2: Fly out, F6 (Popup, 6MD, EV 65.0 MPH)
|
|
Batting: RHB Kenneth Whitfield
|
0-0: Foul Ball, location: 2F 0-1: Foul Ball, location: 2F 0-2: Strikes out looking
|
| Top of the 7th over - 0 runs, 0 hits, 0 errors, 0 left on base; Kennewick 1 - Bend 2 |
| BOTTOM OF THE 7TH |
|
Bend Bandits batting - Pitching for Kennewick Bear Cubs : LHP Faustino Fortinho
|
|
Pitching: RHP Bryan Funk
|
|
|
Batting: RHB Jeffrey Thompson
|
0-0: Swinging Strike 0-1: Ground out 6-3 (Groundball, 6M, EV 76.9 MPH)
|
|
Batting: LHB Jim Riggs
|
0-0: Ground out 2-3 (Groundball, 2L, EV 76.9 MPH)
|
|
Batting: RHB Jeffrey Ulrich
|
0-0: Ball 1-0: Called Strike 1-1: Foul Ball, location: 2F 1-2: SINGLE (Line Drive, 7S, EV 97.5 MPH)
|
|
Batting: SHB Jim Thomas
|
0-0: Fly out, F7 (Flyball, 78M, EV 85.0 MPH)
|
| Bottom of the 7th over - 0 runs, 1 hit, 0 errors, 1 left on base; Kennewick 1 - Bend 2 |
| TOP OF THE 8TH |
|
Kennewick Bear Cubs batting - Pitching for Bend Bandits : LHP Mike Kinnunen
|
|
Pitching: RHP Reggie Bratton
|
|
|
Batting: LHB Tony Diaz
|
0-0: Called Strike 0-1: Called Strike 0-2: Fly out, F8 (Flyball, 8LS, EV 86.3 MPH)
|
|
Batting: RHB Gary Tremblay
|
0-0: SOLO HOME RUN (Flyball, 78XD, EV 97.5 MPH), Distance : 408 ft
|
|
Batting: RHB Matthew Sferrazza
|
0-0: Ball 1-0: Ball 2-0: Ground out 6-3 (Groundball, 6, EV 84.4 MPH)
|
|
Batting: SHB Eriberto Them
|
0-0: Ground out 6-3 (Groundball, 6M, EV 100.0 MPH)
|
| Top of the 8th over - 1 run, 1 hit, 0 errors, 0 left on base; Kennewick 2 - Bend 2 |
| BOTTOM OF THE 8TH |
|
Bend Bandits batting - Pitching for Kennewick Bear Cubs : RHP Bryan Funk
|
|
Batting: RHB Ronald Harper
|
0-0: Ball 1-0: Ball 2-0: Ball 3-0: Called Strike 3-1: Called Strike 3-2: Foul Ball, location: 2F 3-2: Foul Ball, location: 2F 3-2: Ground out 5-3 (Groundball, 56S, EV 80.0 MPH)
|
|
Batting: RHB Kevin Romine
|
0-0: Ball 1-0: Ball 2-0: Ball 3-0: Base on Balls
|
|
Batting: LHB Darcy Walker
|
0-0: Ball 1-0: Called Strike 1-1: Called Strike 1-2: Ball 2-2: Ball 3-2: Strikes out looking
|
|
Batting: RHB Jeff Doerr
|
0-0: Ball Kevin Romine is caught stealing 2nd base 2-4
|
| Bottom of the 8th over - 0 runs, 0 hits, 0 errors, 0 left on base; Kennewick 2 - Bend 2 |
| TOP OF THE 9TH |
|
Kennewick Bear Cubs batting - Pitching for Bend Bandits : RHP Reggie Bratton
|
|
Pitching: LHP Michael Biedenkapp
|
|
|
Batting: RHB Jonathan Black
|
0-0: Swinging Strike 0-1: Foul Ball, location: 2F 0-2: Fly out, F8 (Flyball, 8RS, EV 85.6 MPH)
|
|
Pitching: RHP Dale Drew
|
|
|
Batting: LHB Jose Birriel
|
0-0: Ball 1-0: Ball 2-0: SINGLE (Groundball, 34D, EV 99.4 MPH)
|
|
Batting: RHB Ruben Machado
|
0-0: Ball 1-0: Called Strike 1-1: Called Strike 1-2: Fly out, F7 (Flyball, 7S, EV 85.0 MPH)
|
|
Batting: LHB Steven Morris
|
0-0: Called Strike 0-1: Ball 1-1: Ball 2-1: Ball 3-1: Called Strike 3-2: Base on Balls Jose Birriel to second
|
|
Pinch Hitting: LHB Russell Morena
|
0-0: Called Strike 0-1: Ball 1-1: Fly out, F9 (Flyball, 9LM, EV 93.8 MPH)
|
| Top of the 9th over - 0 runs, 1 hit, 0 errors, 2 left on base; Kennewick 2 - Bend 2 |
| BOTTOM OF THE 9TH |
|
Bend Bandits batting - Pitching for Kennewick Bear Cubs : RHP Bryan Funk
|
|
Pitching: LHP Dan Yokubaitis
|
|
|
Now at 1B: Russell Morena
|
|
|
Batting: RHB Jeff Doerr
|
0-0: Called Strike 0-1: Called Strike 0-2: Foul Ball, location: 2F 0-2: SINGLE (Line Drive, 8LS, EV 96.3 MPH)
|
|
Batting: LHB Chris Baird
|
0-0: Ball 1-0: Called Strike 1-1: Swinging Strike 1-2: Ball 2-2: Ball 3-2: Base on Balls Jeff Doerr to second
|
|
Batting: RHB Jeffrey Thompson
|
0-0: Foul Ball, location: 2F 0-1: Foul Ball, location: 2F 0-2: Ball 1-2: Ball 2-2: Foul Ball, location: 2F 2-2: Ball 3-2: Foul Ball, location: 2F 3-2: Base on Balls Jeff Doerr to third Chris Baird to second
|
|
Batting: RHB Joe Stalp
|
0-0: Ball 1-0: Foul Ball, location: 2F 1-1: Called Strike 1-2: Strikes out swinging
|
|
Batting: RHB Jeffrey Ulrich
|
0-0: Swinging Strike 0-1: Foul Ball, location: 2F 0-2: Ball 1-2: Foul Ball, location: 2F 1-2: Fly out, F8 (Flyball, 8LS, EV 76.9 MPH)
|
|
Pinch Hitting: RHB William Lockwood
|
0-0: Ball 1-0: Ball 2-0: Swinging Strike 2-1: Foul Ball, location: 2F 2-2: Ball 3-2: Base on Balls Jeff Doerr scores Chris Baird to third Jeffrey Thompson to second
|
| Bottom of the 9th over - 1 run, 1 hit, 0 errors, 0 left on base; Kennewick 2 - Bend 3 |
|